Map: Old Estate

Players

JaySlays - Winner!

  • Race: Protoss Protoss
  • Spawn Location: 1:00

Wolf - Winner!

  • Race: Terran Terran
  • League: Diamond
  • Spawn Location: 3:00

WardAnubis - Winner!

  • Race: Terran Terran
  • League: Silver
  • Spawn Location: 3:00

PaladinZQXP - Winner!

  • Race: Terran Terran
  • Spawn Location: 1:00

ploca

  • Race: Protoss Protoss
  • Spawn Location: 7:00

nemo

  • Race: Protoss Protoss
  • Spawn Location: 9:00

Jack

  • Race: Protoss Protoss
  • Spawn Location: 7:00

Belcross

  • Race: Protoss Protoss
  • League: Gold
  • Spawn Location: 7:00

VOD

Have the link to the VOD?

Description

Time

  • Played on: April 20, 2018, 10:55 p.m.
  • Length: 20:40
Show
View Real Time Build Order
Export as new Build Order

JaySlays Protoss - Winner!

Build Orders:  

Get SALT Encoding   

  12  0:01  Probe  
  13  0:13  Probe  
  14  0:19  Pylon  
  15  0:28  Probe  
  15  0:40  Probe  
  15  0:41  Gateway  
  16  0:50  Probe  
  17  0:58  Probe  
  17  1:00  Assimilator  
  18  1:06  Probe  
  19  1:19  Probe  
  20  1:31  Probe  
  21  1:35  Cybernetics Core  
  21  1:43  Probe  
  22  1:48  Assimilator  
  22  1:52  Pylon  
  22  1:55  Probe  
  23  2:06  Probe  
  23  2:14  Probe  
  24  2:18  Warp Gate  
  24  2:21  Gateway  
  25  2:24  Probe  
  26  2:31  Nexus  
  26  2:36  Probe  
  27  2:40  Twilight Council  
  27  2:53  Robotics Facility  
  27  2:54  Probe  
  28  3:03  Pylon  
  28  3:06  Probe  
  29  3:19  Probe  
  30  3:31  Probe  
  31  3:37  Templar Archives  
  31  3:42  Probe  
  31  3:46  Probe  
  33  3:50  Probe  
  33  3:53  Gateway  
  33  3:55  Gateway  
  34  3:56  Observer  
  34  3:58  Probe x2  
  37  4:03  Pylon  
  37  4:09  Probe  
  37  4:10  Probe  
  39  4:18  Assimilator, Observer  
  39  4:21  Probe  
  39  4:22  Probe  
  42  4:26  Forge  
  42  4:33  Probe  
  42  4:35  Probe  
  44  4:44  Stalker  
  44  4:45  Immortal  
  46  4:47  Stalker  
  46  4:52  Stalker x2  
  52  4:53  Probe x2  
  52  4:56  Protoss Ground Weapons Level 1  
  58  5:05  Probe  
  59  5:08  Assimilator  
  59  5:12  Photon Cannon  
  59  5:15  Probe  
  60  5:27  Stalker  
  57  5:40  Stalker x3  
  60  6:00  Probe x2  
  60  6:03  Observer  
  62  6:14  Pylon  
  62  6:16  Pylon  
  62  6:28  Probe  
  64  6:32  Probe  
  64  6:39  Probe  
  64  6:41  Stalker x2  
  64  6:42  Probe, Stalker x2  
  74  6:49  Protoss Ground Armor Level 1  
  74  6:50  Probe  
  74  6:52  Probe  
  75  6:57  Photon Cannon  
  75  6:59  Probe  
  75  7:04  Probe  
  77  7:10  Nexus  
  77  7:11  Probe  
  77  7:14  Pylon  
  78  7:24  Warp Prism  
  78  7:26  Pylon  
  78  7:28  Pylon  
  78  7:32  Probe x2  
  82  7:42  Charge  
  82  7:44  Probe  
  83  7:50  Zealot x2  
  83  7:51  Zealot x2  
  91  7:57  Photon Cannon  
  91  7:58  Probe x2  
  93  8:10  Probe x2  
  95  8:19  Assimilator  
  95  8:22  Probe x2  
  95  8:23  Probe  
  95  8:24  Assimilator  
  95  8:26  Zealot  
  95  8:27  Zealot x3  
  106  8:34  Probe x2  
  106  8:35  Probe  
  106  8:39  Gateway  
  109  8:41  Gateway  
  109  8:43  Gateway  
  109  8:46  Probe  
  110  8:52  Stalker x3  
  116  9:08  Zealot  
  115  9:14  Pylon  
  115  9:15  Blink  
  115  9:16  Pylon  
  112  9:22  Stalker x2  
  116  9:34  Probe x2  
  116  9:38  Probe  
  119  9:46  Probe  
  119  9:47  Probe  
  119  9:48  Zealot x3  
  119  9:49  Zealot x3  
  133  9:56  Protoss Ground Weapons Level 2  
  133  9:57  Pylon  
  133  9:59  Pylon  
  133  10:11  Pylon  
  133  10:13  Pylon  
  133  10:15  Pylon  
  133  10:22  Stalker x3  
  133  10:23  Stalker x2  
  133  10:24  Stalker  
  145  10:40  Dark Shrine  
  145  10:48  High Templar  
  145  10:49  High Templar x4  
  155  10:53  High Templar  
  155  10:54  Archon x2  
  157  11:00  Gateway  
  157  11:04  Gateway  
  157  11:05  Archon  
  157  11:06  Gateway  
  157  11:08  Immortal, Gateway  
  125  11:41  Observer  
  125  11:43  Immortal  
  125  11:54  Gateway  
  129  11:55  Gateway  
  129  11:57  Gateway  
  129  11:59  Gateway  
  129  12:01  Gateway  
  129  12:02  Gateway  
  129  12:05  Gateway  
  129  12:16  Dark Templar  
  129  12:17  Dark Templar x3  
  131  12:34  Zealot x2  
  99  13:03  Zealot x3  
  99  13:04  Zealot x5  
  111  13:07  Warp Prism  
  111  13:11  Protoss Ground Weapons Level 3  
  85  13:27  Forge  
  73  13:52  Zealot x2  
  77  13:59  High Templar x2  
  77  14:00  High Templar x5  
  77  14:01  High Templar x3  
  77  14:02  High Templar x2  
  101  14:03  Pylon  
  101  14:04  Archon  
  101  14:05  Pylon, Archon x4  
  101  14:06  Archon  
  101  14:17  Protoss Ground Armor Level 2  
  101  14:22  High Templar x2  
  105  14:30  Nexus  
  105  14:31  Zealot x4  
  109  14:32  Immortal, Zealot x6  
  109  14:33  Zealot x3  
  109  14:34  Archon  
  135  14:50  Photon Cannon  
  135  14:54  Photon Cannon  
  135  14:56  High Templar  
  135  14:57  Photon Cannon, High Templar x5  
  135  14:58  High Templar x6  
  135  14:59  High Templar x2  
  163  15:00  Photon Cannon  
  149  15:11  Archon x2  
  149  15:12  Archon x4  
  149  15:13  Archon  
  127  15:14  Zealot  
  115  15:37  Zealot x3, Observer  
  115  15:38  Zealot x5  
  115  15:39  Zealot x2  
  115  15:40  Zealot x4  
  144  15:54  Observer  
  145  16:18  Assimilator  
  145  16:20  Assimilator  
  133  16:28  Zealot x4  
  133  16:29  Zealot x5  
  133  16:30  Zealot x5  
  133  16:31  Zealot  
  121  16:42  Protoss Ground Armor Level 3  
  121  16:43  Protoss Shields Level 1  
  115  16:57  Zealot x5  
  115  16:58  Zealot x5  
  115  16:59  Zealot x2  
  95  17:33  Zealot  
  97  17:47  Zealot x5  
  97  17:48  Zealot x4  
  97  17:49  Zealot x2  
  97  17:50  Zealot x3  
  125  18:08  High Templar x2  
  125  18:09  High Templar x6  
  125  18:10  High Templar x3  
  147  18:13  Archon x3  
  147  18:14  Archon x2  
  147  18:17  High Templar  
  147  18:18  Zealot x3  
  155  18:22  Archon  
  155  19:18  Nexus  
  155  19:21  Nexus  
  155  19:37  Zealot x4  
  155  19:38  Zealot x6  
  171  19:39  Zealot x2  
  179  19:53  Zealot  
  179  19:54  Zealot x2  
  115  20:39  Pylon  
Show
View Real Time Build Order
Export as new Build Order

Wolf Terran - Winner!

Build Orders: Reaper Expand, MMM Bio 

Get SALT Encoding   

  12  0:01  SCV  
  13  0:13  SCV  
  14  0:19  Supply Depot  
  14  0:25  SCV  
  15  0:40  SCV  
  16  0:43  Barracks  
  17  0:58  Refinery  
  17  1:07  SCV  
  17  1:20  SCV  
  18  1:34  Orbital Command  
  18  1:41  Reaper  
  18  1:44  Command Center  
  19  2:00  SCV  
  20  2:20  Barracks Reactor, SCV  
  21  2:24  Refinery  
  21  2:26  Supply Depot  
  21  2:30  Barracks  
  21  2:32  SCV  
  23  2:44  SCV  
  23  2:48  Factory  
  23  2:56  Marine x2, SCV  
  27  3:01  Orbital Command  
  26  3:08  SCV  
  27  3:18  Barracks Tech Lab  
  27  3:20  Marine x2, SCV  
  30  3:27  SCV  
  31  3:34  Starport  
  31  3:36  Factory Reactor  
  31  3:37  Marine  
  31  3:38  Stimpack  
  31  3:39  Marine x2  
  34  3:50  SCV x2  
  34  3:55  Marine  
  37  3:57  Marine x2  
  37  3:59  Supply Depot  
  37  4:02  SCV x2  
  41  4:12  Marine  
  41  4:15  Marine x2  
  44  4:20  SCV x2  
  46  4:32  SCV x2, Engineering Bay  
  46  4:34  Engineering Bay  
  46  4:48  SCV x2  
  46  4:57  Marine x3  
  48  5:00  SCV x2  
  48  5:01  Medivac x2  
  48  5:02  Factory Tech Lab  
  54  5:08  Supply Depot, Missile Turret  
  54  5:09  Supply Depot  
  54  5:11  Missile Turret  
  54  5:28  Terran Infantry Weapons Level 1  
  54  5:29  Marine x3  
  54  5:30  SCV x2  
  54  5:33  Terran Infantry Armor Level 1  
  59  5:55  SCV x2  
  59  5:56  Marine x3  
  64  5:58  Medivac  
  64  5:59  Medivac  
  68  6:08  Barracks  
  68  6:11  Barracks x2  
  68  6:13  SCV  
  68  6:14  Supply Depot, SCV  
  70  6:18  Refinery  
  70  6:30  Marine  
  70  6:35  Marine x2, Siege Tank, SCV x2  
  77  6:47  SCV  
  77  6:52  Marine  
  78  6:55  Marine  
  78  7:13  Marine x3, SCV x2  
  78  7:14  Supply Depot  
  78  7:15  Supply Depot  
  83  7:17  Refinery  
  83  7:21  Armory  
  83  7:25  SCV  
  83  7:26  SCV  
  85  7:37  SCV  
  85  7:38  Supply Depot  
  86  7:45  Marine x2  
  86  7:46  Marine  
  86  7:48  Barracks Tech Lab x2, Barracks Reactor  
  89  7:52  Siege Tank  
  89  7:54  Medivac  
  89  7:55  Medivac  
  89  7:57  SCV  
  89  7:58  SCV  
  98  8:18  Marine x3  
  98  8:19  Marauder x2  
  105  8:20  Combat Shields  
  105  8:21  Concussive Shells  
  105  8:28  Missile Turret  
  105  8:30  Marine x2, Command Center  
  105  8:31  Missile Turret  
  105  8:33  Siege Tank  
  110  8:35  Terran Vehicle Weapons Level 1  
  110  8:47  Supply Depot  
  110  8:53  Supply Depot  
  110  9:08  Marine x3  
  110  9:09  SCV, Marauder x2  
  118  9:14  Marine  
  118  9:15  Siege Tank, SCV, Marauder  
  125  9:21  SCV  
  125  9:26  Marine  
  126  9:34  Marine, SCV  
  126  9:35  Marine  
  126  9:36  Marauder x2  
  126  9:37  Marauder  
  126  9:40  Marine  
  126  9:44  Marine, Viking x2  
  126  9:45  Missile Turret  
  126  9:52  Marine  
  127  9:57  Marauder x2  
  127  9:58  Starport  
  131  10:02  Marine x4, Starport  
  135  10:08  Terran Infantry Weapons Level 2  
  135  10:10  Marine  
  133  10:18  Marine x2  
  135  10:25  Marine x4  
  135  10:28  Marine  
  140  10:32  Supply Depot  
  140  10:35  Supply Depot  
  140  10:36  Marine  
  140  10:39  Missile Turret  
  140  10:42  Terran Infantry Armor Level 2  
  141  10:54  Marine x2  
  141  10:55  Marine x4  
  103  11:28  Viking x2  
  103  11:31  Starport Reactor  
  94  11:32  Starport Reactor  
  94  11:36  Terran Ship Weapons Level 1  
  94  11:37  Marine x4  
  94  11:38  Marine x3  
  101  11:53  SCV x2  
  104  11:55  Marine x3, Orbital Command  
  106  12:05  SCV  
  100  12:26  Command Center  
  98  12:34  Viking x2  
  102  12:40  Supply Depot  
  102  12:43  Supply Depot, Viking  
  102  12:44  Viking  
  93  12:57  Marine x2  
  93  12:58  Marine x3  
  98  13:06  Viking  
  100  13:16  SCV  
  101  13:28  SCV  
  101  13:34  Viking x2  
  106  13:40  SCV  
  107  13:44  Orbital Command  
  107  13:49  Viking  
  107  13:50  Viking  
  107  13:52  SCV  
  107  13:53  Marine x2  
  114  14:01  Viking  
  116  14:03  Viking  
  116  14:08  Viking  
  120  14:14  Terran Ship Weapons Level 2  
  120  14:22  Viking  
  122  14:26  Viking  
  124  14:33  Viking  
  126  14:41  Marine  
  126  14:42  Marine x4  
  131  14:45  Viking  
  131  14:51  Viking  
  135  14:54  Viking  
  122  15:37  Viking x2  
  122  15:38  Viking x4  
  134  16:28  Marine x2  
  134  16:30  Marine x2  
  134  16:31  Marine x2  
  134  16:32  Marine  
  125  16:46  Marine  
  118  16:50  Marine  
  118  16:51  Marine x5  
  122  17:04  Marine  
  121  17:11  Viking x2  
  110  17:25  Viking x2  
  104  17:46  Command Center  
  104  17:48  SCV x2  
  104  17:50  Marine x4  
  110  18:39  Marine x3  
  110  18:40  Marine x4  
  117  18:42  Viking x2  
  121  18:57  Marine  
  108  19:44  Marine x2  
  108  19:45  Marine x5  
  110  19:49  Command Center  
  112  19:54  Refinery  
  112  19:55  Refinery  
  112  20:02  Marine  
Show
View Real Time Build Order
Export as new Build Order

WardAnubis Terran - Winner!

Build Orders: MMM Bio 

Get SALT Encoding   

  12  0:14  SCV  
  13  0:24  Supply Depot  
  13  0:26  SCV  
  14  0:38  SCV  
  15  0:47  Refinery  
  15  0:50  SCV  
  15  0:52  Barracks  
  16  1:00  Refinery  
  16  1:02  SCV  
  17  1:14  Barracks  
  17  1:15  SCV  
  18  1:34  SCV  
  19  1:42  Barracks, Marine  
  19  1:46  SCV  
  21  1:57  Supply Depot  
  21  1:58  SCV  
  21  2:01  Marine, Barracks Tech Lab  
  23  2:21  Supply Depot  
  23  2:23  SCV  
  24  2:30  Stimpack  
  24  2:31  Marine x2  
  24  2:32  Marine  
  24  2:35  SCV  
  28  2:47  SCV  
  28  2:49  Marine x2  
  31  2:53  Marine  
  32  2:59  SCV  
  32  3:01  Supply Depot  
  33  3:09  Barracks Reactor  
  33  3:11  Marine, Barracks Reactor  
  34  3:44  Command Center  
  34  3:49  Marine x4  
  38  3:58  Supply Depot  
  38  4:07  Marine  
  38  4:08  Marine  
  38  4:09  Marine  
  40  4:10  Marine  
  40  4:12  Marine  
  40  4:16  SCV  
  44  4:28  SCV  
  45  5:09  SCV  
  46  5:15  Engineering Bay  
  46  5:21  SCV  
  47  5:22  Orbital Command  
  47  5:23  Combat Shields  
  47  5:32  Factory  
  47  5:33  SCV  
  48  5:45  SCV  
  49  5:54  Marine x2  
  49  5:56  Marine x2  
  53  5:57  Marine, SCV  
  55  6:12  Marine x2  
  55  6:13  Marine  
  55  6:14  Marine  
  55  6:15  Marine, SCV, Refinery  
  55  6:17  Factory, Refinery  
  61  6:19  SCV  
  62  6:28  SCV  
  62  6:31  SCV  
  64  6:40  SCV  
  64  6:43  SCV  
  64  6:44  Factory Tech Lab  
  66  6:50  Supply Depot  
  66  6:52  SCV  
  67  6:59  Missile Turret  
  67  7:03  Missile Turret, Terran Infantry Weapons Level 1  
  67  7:13  Missile Turret  
  67  7:14  SCV  
  68  7:26  SCV  
  69  7:38  SCV  
  70  7:51  SCV  
  71  7:54  Siege Tank  
  71  7:56  Factory Tech Lab  
  74  8:03  SCV  
  57  8:26  Marine x2  
  59  8:28  Marine x2  
  59  8:33  Siege Tank  
  59  8:34  Siege Tank  
  67  8:38  Supply Depot  
  67  8:44  Marine x2  
  67  8:45  Marine  
  67  8:46  Marine  
  67  8:47  Starport  
  71  8:53  Orbital Command  
  71  9:01  Supply Depot  
  71  9:10  Marine x2  
  71  9:12  Marine x2  
  75  9:21  Armory  
  75  9:23  SCV  
  76  9:28  Marine x2  
  76  9:30  Marine  
  79  9:32  Command Center  
  79  9:35  SCV  
  80  9:47  SCV  
  80  9:48  Starport  
  80  9:52  Starport Tech Lab  
  50  10:22  Marine  
  50  10:23  Marine x4  
  50  10:24  Starport  
  55  10:29  Starport Tech Lab  
  55  10:40  Marine  
  55  10:41  Marine x4  
  60  10:58  Marine x4  
  60  10:59  Marine  
  60  11:02  Orbital Command  
  60  11:03  Refinery  
  62  11:10  Siege Tank x2  
  68  11:16  Marine x5  
  68  11:17  Rapid Fire Launchers  
  73  11:20  Terran Vehicle And Ship Armor Level 1  
  73  11:22  Terran Infantry Armor Level 1  
  73  11:29  Refinery  
  73  11:32  Missile Turret  
  73  11:33  Marine  
  73  11:34  Marine x4  
  78  11:42  Siege Tank x2  
  84  11:52  Marine x4  
  88  11:54  Marine  
  88  11:56  Concussive Shells  
  89  12:11  Marine  
  89  12:12  Marine x3  
  89  12:14  Siege Tank  
  89  12:15  Siege Tank  
  99  12:29  Marine  
  100  12:30  Marine x3  
  103  12:37  Starport Tech Lab  
  103  12:43  Marine, Starport  
  104  12:47  Marine  
  104  12:48  Marine x3  
  108  13:01  Marine  
  109  13:51  Marine x5  
  68  14:03  Viking x3  
  68  14:04  Viking  
  68  14:09  Marine x5  
  81  14:10  Terran Ship Weapons Level 1  
  81  14:11  Terran Infantry Weapons Level 2  
  81  14:33  Viking x3  
  81  14:34  Viking  
  89  14:43  Starport  
  89  14:45  Marine  
  89  14:46  Marine x2  
  92  14:57  Missile Turret  
  92  15:03  Viking x3  
  92  15:04  Viking  
  100  15:24  Marine x5  
  105  15:32  Viking  
  105  15:33  Viking  
  109  15:39  Supply Depot  
  109  15:41  Supply Depot  
  109  16:01  Marine x2, Supply Depot, Viking x3  
  109  16:03  Marine x2, Terran Vehicle And Ship Armor Level 2, Viking x2  
  123  16:05  Supply Depot  
  123  16:18  Marine x2  
  123  16:23  Marine x2  
  127  16:26  Supply Depot, Terran Infantry Armor Level 2  
  127  16:29  Supply Depot  
  127  16:31  Viking x3  
  133  16:36  Marine x2  
  135  16:40  Marine x2  
  135  16:42  Command Center  
  137  16:48  Supply Depot  
  137  16:52  Supply Depot, Viking x2  
  141  17:01  Viking x3  
  147  17:22  Viking  
  149  17:50  Refinery  
  149  17:54  Refinery  
  145  18:19  Terran Ship Weapons Level 2  
  133  19:48  Medivac  
  133  19:49  Medivac x2  
  133  19:51  Siege Tank x2  
Show
View Real Time Build Order
Export as new Build Order

PaladinZQXP Terran - Winner!

Build Orders: MMM Bio 

Get SALT Encoding   

  12  0:13  SCV  
  13  0:21  Supply Depot  
  13  0:25  SCV  
  14  0:37  SCV  
  15  0:49  SCV  
  16  0:50  Barracks  
  16  1:01  SCV  
  17  1:19  Command Center  
  17  1:22  SCV  
  18  1:34  SCV, Refinery  
  19  1:46  SCV  
  20  1:48  Marine  
  21  1:56  Refinery  
  21  1:59  SCV  
  22  2:06  Marine  
  23  2:17  Supply Depot  
  23  2:19  Orbital Command  
  23  2:33  Refinery, Orbital Command  
  23  2:43  Barracks Tech Lab  
  23  2:52  SCV  
  23  2:53  Factory  
  24  3:01  SCV  
  24  3:04  SCV  
  26  3:13  SCV  
  26  3:16  SCV  
  28  3:29  Marine  
  28  3:32  SCV x2  
  31  3:40  Factory  
  31  3:44  SCV  
  31  3:45  SCV, Factory Tech Lab  
  31  3:46  Starport  
  31  3:47  Marine  
  34  3:56  SCV  
  34  3:57  SCV  
  36  4:05  Marine, Refinery  
  36  4:08  SCV  
  36  4:09  SCV  
  39  4:16  Supply Depot  
  39  4:20  SCV  
  39  4:21  Siege Tank, SCV  
  44  4:25  Stimpack  
  44  4:28  Starport Tech Lab  
  44  4:31  Starport  
  44  4:33  SCV x2  
  46  4:45  SCV x2  
  48  5:02  Marine  
  48  5:04  SCV  
  48  5:05  SCV  
  51  5:12  Starport Tech Lab  
  51  5:15  Starport  
  51  5:16  SCV  
  51  5:17  SCV  
  51  5:20  Marine  
  54  5:25  Supply Depot  
  54  5:29  Supply Depot  
  54  5:35  Factory Tech Lab  
  54  5:47  Marine, SCV x2  
  57  5:58  Viking x3  
  57  5:59  SCV  
  64  6:04  Marine  
  64  6:06  SCV  
  66  6:11  SCV  
  66  6:12  Factory  
  66  6:16  Armory  
  66  6:18  SCV  
  68  6:21  Engineering Bay  
  68  6:22  Marine  
  68  6:23  SCV  
  70  6:31  Combat Shields  
  70  6:34  Command Center  
  70  6:41  Starport Tech Lab  
  70  7:10  Factory Tech Lab  
  70  7:18  Supply Depot  
  70  7:19  Missile Turret  
  70  7:25  Missile Turret  
  70  7:40  Marine, SCV, Thor  
  78  7:45  Siege Tank x2  
  78  7:50  Concussive Shells  
  84  7:55  Orbital Command  
  84  7:58  Marine  
  85  8:00  Refinery  
  85  8:02  Refinery  
  85  8:11  Fusion Core  
  85  8:13  Supply Depot  
  85  8:14  Supply Depot, SCV  
  85  8:15  Marine  
  85  8:17  Supply Depot, Thor  
  93  8:34  Marine, SCV, Thor  
  93  8:35  SCV  
  102  8:46  SCV  
  102  8:47  SCV  
  104  8:54  Starport  
  104  8:59  SCV x2  
  106  9:11  SCV  
  106  9:12  SCV  
  108  9:23  SCV  
  108  9:24  SCV  
  110  9:32  Weapon Refit  
  110  9:34  Starport Tech Lab  
  110  9:51  High Capacity Fuel Tanks  
  110  9:55  Battlecruiser  
  116  10:05  Supply Depot  
  116  10:06  Supply Depot  
  116  10:08  Supply Depot  
  116  10:12  Supply Depot  
  116  10:25  Terran Infantry Weapons Level 1  
  116  10:27  Battlecruiser  
  116  10:28  Battlecruiser  
  128  10:30  Battlecruiser, Engineering Bay  
  134  10:38  Armory  
  134  10:48  Armory  
  134  10:54  Factory  
  134  10:59  Barracks, Battlecruiser  
  140  11:34  Battlecruiser  
  146  11:48  Command Center  
  145  12:44  Battlecruiser  
  145  12:45  Supply Depot  
  145  12:46  Supply Depot  
  145  12:48  Supply Depot  
  145  12:49  Supply Depot  
  145  12:51  Battlecruiser  
  145  12:52  Battlecruiser x2  
  101  13:34  Barracks  
  101  13:37  Barracks  
  101  13:39  Barracks, Terran Infantry Weapons Level 2, Terran Infantry Armor Level 1  
  101  13:41  Barracks  
  101  13:42  Terran Ship Weapons Level 1, Terran Vehicle And Ship Armor Level 1, Terran Vehicle Weapons Level 1  
  101  13:43  Barracks  
  101  13:56  Battlecruiser x3  
  101  13:57  Factory Tech Lab  
  113  14:26  Barracks  
  113  14:29  Barracks, Command Center  
  110  14:52  Marine  
  111  14:53  Marine x5  
  110  15:10  Marine x5  
  110  15:11  Marine  
  98  15:28  Marine x6  
  104  15:45  Marine  
  104  15:46  Marine x5  
  92  15:58  Barracks Reactor x2  
  92  16:03  Marine, Terran Infantry Armor Level 2  
  92  16:04  Marine x5, Terran Infantry Weapons Level 3  
  93  16:06  Medivac x4  
  93  16:10  Thor x2  
  93  16:11  Thor x2  
  130  16:20  Command Center  
  130  16:22  Missile Turret  
  130  16:24  Missile Turret  
  130  16:29  Missile Turret  
  130  16:33  Missile Turret  
  130  16:36  Medivac x4  
  138  16:41  Terran Vehicle And Ship Armor Level 2, Terran Vehicle Weapons Level 2  
  138  16:43  Missile Turret  
  138  16:53  Thor x3  
  138  16:54  Terran Ship Weapons Level 2  
  156  17:02  Refinery  
  156  17:04  Refinery  
  156  17:14  Missile Turret  
  156  17:15  Barracks Reactor x4  
  156  17:19  Barracks Reactor  
  156  17:22  Barracks Reactor  
  156  17:48  Marine x4  
  160  17:53  SCV  
  161  18:05  SCV  
  161  18:06  Marine x4  
  166  18:18  SCV  
  167  18:21  Battlecruiser  
  167  18:24  Marine x4, Battlecruiser  
  183  18:30  SCV  
  184  18:41  Marine  
  184  18:42  Marine x3, SCV  
  189  18:55  Planetary Fortress  
  189  19:47  Marine  
  189  19:48  Marine x6  
  196  19:58  Marine x4  
Show
View Real Time Build Order
Export as new Build Order

ploca Protoss 

Build Orders: Oracle Opening 

Get SALT Encoding   

  12  0:06  Probe  
  13  0:14  Probe  
  14  0:26  Pylon  
  14  0:31  Probe  
  15  0:44  Probe  
  15  0:46  Gateway  
  16  0:55  Forge  
  16  0:57  Probe  
  17  1:05  Probe  
  18  1:14  Probe  
  19  1:24  Pylon  
  19  1:32  Photon Cannon  
  19  1:40  Probe  
  19  1:43  Assimilator  
  19  1:46  Cybernetics Core  
  20  1:53  Assimilator  
  20  2:19  Photon Cannon  
  20  2:34  Nexus  
  20  2:52  Stargate  
  20  2:55  Pylon  
  20  3:14  Protoss Air Weapons Level 1  
  20  3:22  Probe  
  21  3:31  Oracle  
  22  3:34  Probe  
  22  3:35  Pylon  
  25  3:44  Pylon  
  25  3:46  Probe x2  
  26  3:54  Probe  
  27  3:58  Probe  
  29  4:04  Probe  
  30  4:10  Void Ray  
  30  4:16  Probe  
  35  4:22  Assimilator  
  35  4:28  Probe  
  36  4:40  Probe  
  37  4:52  Probe  
  38  5:04  Void Ray  
  42  5:20  Photon Cannon  
  42  5:23  Probe  
  42  5:27  Nexus, Protoss Air Armor Level 1  
  43  5:31  Probe  
  44  5:39  Void Ray  
  44  5:46  Protoss Shields Level 1  
  48  5:55  Probe  
  48  5:59  Assimilator  
  48  6:03  Probe  
  49  6:09  Stargate  
  50  6:13  Probe  
  50  6:14  Pylon  
  51  6:26  Void Ray  
  55  6:35  Probe x2  
  57  6:43  Probe  
  57  6:47  Probe  
  55  6:59  Probe  
  55  7:04  Void Ray  
  59  7:20  Probe  
  59  7:28  Probe  
  61  7:38  Void Ray  
  65  7:46  Void Ray  
  69  7:52  Fleet Beacon  
  69  7:57  Cybernetics Core  
  69  8:20  Void Ray  
  73  8:29  Void Ray  
  77  8:35  Protoss Air Weapons Level 2  
  77  8:36  Pylon  
  77  8:41  Protoss Air Armor Level 2  
  77  8:48  Probe  
  78  8:56  Probe  
  78  8:57  Void Ray  
  79  9:06  Probe  
  84  9:26  Pylon  
  84  9:28  Pylon  
  84  9:43  Void Ray  
  88  10:27  Void Ray x2  
  96  10:52  Stargate  
  96  10:54  Pylon  
  96  10:58  Pylon  
  96  11:10  Void Ray  
  100  11:12  Void Ray  
  100  11:17  Pylon  
  104  11:24  Pylon  
  104  11:25  Pylon  
  104  11:27  Pylon  
  104  11:30  Pylon  
  104  11:31  Pylon  
  100  12:37  Void Ray x3  
  95  13:20  Void Ray x3  
  107  14:02  Assimilator  
  107  14:03  Void Ray x3  
  107  14:07  Protoss Air Weapons Level 3  
  119  14:11  Protoss Air Armor Level 3  
  119  14:46  Void Ray x3  
  67  15:34  Void Ray x3  
  79  16:14  Nexus  
  79  16:17  Pylon, Void Ray  
  83  16:21  Pylon  
  83  16:24  Pylon  
  51  16:53  Void Ray x2  
  45  17:32  Stargate  
  45  17:35  Pylon, Void Ray  
  45  17:36  Void Ray  
  53  17:51  Pylon, Assimilator  
  53  17:53  Probe  
  53  17:54  Pylon  
  53  17:55  Assimilator  
  54  18:00  Forge  
  54  18:05  Probe  
  55  18:17  Probe  
  56  18:21  Void Ray  
  56  18:26  Void Ray x2  
  68  18:29  Probe  
  64  19:09  Void Ray  
  68  19:44  Void Ray  
  72  19:52  Void Ray  
Show
View Real Time Build Order
Export as new Build Order

nemo Protoss 

Build Orders:  

Get SALT Encoding   

  12  0:05  Probe  
  13  0:24  Probe  
  14  0:35  Pylon  
  14  0:36  Probe  
  15  0:54  Probe  
  16  1:06  Probe  
  17  1:18  Probe  
  18  1:24  Gateway  
  18  1:28  Probe  
  19  1:36  Assimilator  
  19  1:37  Probe  
  19  1:41  Assimilator  
  19  1:45  Pylon  
  20  2:00  Nexus  
  20  2:07  Probe  
  21  2:18  Cybernetics Core  
  21  2:19  Probe  
  22  2:28  Probe  
  22  2:30  Pylon  
  22  2:36  Probe  
  22  3:08  Stalker  
  24  3:20  Twilight Council  
  24  3:29  Assimilator  
  24  3:33  Probe, Assimilator  
  25  3:41  Probe  
  25  3:44  Probe  
  27  3:56  Probe  
  28  4:05  Dark Shrine  
  28  4:08  Probe  
  29  4:13  Warp Gate  
  29  4:14  Probe  
  30  4:22  Probe  
  31  4:26  Probe  
  31  4:29  Robotics Facility  
  32  4:34  Probe  
  32  4:38  Probe  
  34  4:40  Pylon  
  34  4:46  Probe  
  34  4:50  Probe  
  36  4:58  Probe  
  36  4:59  Pylon  
  39  5:02  Probe  
  39  5:04  Sentry  
  40  5:10  Probe  
  41  5:17  Warp Prism  
  43  5:28  Gateway  
  43  5:30  Gateway x2  
  43  5:33  Probe  
  43  5:35  Probe  
  45  5:44  Probe  
  46  5:52  Probe  
  47  6:00  Probe  
  48  6:18  Observer  
  49  6:30  Probe  
  49  6:38  Probe  
  50  6:40  Pylon  
  50  6:43  Dark Templar  
  50  6:44  Dark Templar x3  
  59  6:48  Probe  
  60  7:32  Dark Templar x2  
  60  7:34  Zealot  
  60  7:35  Zealot  
  60  8:00  Probe  
  60  8:01  Warp Prism  
  63  8:08  Probe  
  56  8:15  Dark Templar  
  56  8:16  Dark Templar x3  
  56  8:17  Pylon  
  56  8:18  Pylon  
  64  8:21  Charge  
  64  8:27  Gateway  
  64  8:29  Pylon  
  64  8:31  Pylon  
  64  8:52  Zealot  
  64  8:53  Zealot  
  64  8:54  Zealot x2  
  59  9:27  Dark Templar x2  
  59  9:28  Dark Templar  
  59  9:29  Dark Templar  
  45  9:38  Gateway  
  45  9:39  Gateway  
  45  9:42  Gateway  
  45  9:47  Forge  
  45  9:48  Forge  
  45  9:49  Forge  
  45  10:15  Protoss Ground Weapons Level 1, Protoss Ground Armor Level 1  
  45  10:16  Protoss Shields Level 1  
  45  10:19  Dark Templar x3  
  45  10:20  Dark Templar x2  
  53  10:56  Blink  
  53  11:08  Warp Prism  
  55  11:11  Zealot x2  
  55  11:12  Zealot x3  
  55  11:13  Zealot x3  
  55  11:17  Probe  
  52  11:29  Probe  
  53  11:41  Probe  
  54  11:47  Zealot x2  
  54  11:48  Zealot x2  
  54  11:49  Zealot  
  54  11:50  Zealot x2  
  54  11:52  Stalker  
  54  11:53  Probe  
  70  12:01  Probe  
  70  12:05  Probe  
  71  12:13  Probe  
  72  12:17  Probe  
  66  12:25  Probe  
  66  12:28  Dark Templar x4  
  66  12:29  Probe  
  65  12:30  Dark Templar  
  65  12:31  Dark Templar x2  
  65  12:33  Dark Templar  
  53  12:41  Probe  
  26  12:59  Photon Cannon  
  18  13:23  Nexus  
  8  13:34  Probe  
  9  13:46  Probe  
  10  13:58  Probe  
  11  14:06  Pylon  
  11  14:08  Probe  
  11  14:16  Probe  
  13  14:25  Probe  
  6  15:51  Probe  
  7  16:03  Probe  
  8  16:12  Probe  
  7  16:20  Probe  
  8  16:30  Probe  
  9  16:42  Probe  
  10  16:52  Probe  
  10  17:00  Probe  
  12  17:08  Probe  
  13  17:20  Probe  
  14  17:57  Probe  
  15  18:05  Probe  
  16  18:13  Probe, Assimilator  
  17  18:24  Probe  
Show
View Real Time Build Order
Export as new Build Order

Jack Protoss 

Build Orders:  

Get SALT Encoding   

  12  0:26  Pylon  
  12  1:04  Assimilator  
  12  1:07  Nexus  
  12  1:23  Forge  
  12  1:50  Gateway  
  12  2:02  Assimilator  
  12  2:03  Probe  
  13  2:11  Probe  
  13  2:15  Assimilator  
  14  2:20  Probe  
  14  2:27  Gateway  
  15  2:30  Gateway  
  15  2:32  Probe  
  16  2:44  Pylon, Probe  
  17  2:51  Photon Cannon  
  17  3:01  Cybernetics Core  
  17  3:15  Probe  
  18  3:20  Probe  
  18  3:23  Probe  
  19  3:28  Probe  
  19  3:31  Warp Gate  
  19  3:32  Probe  
  21  3:37  Probe  
  23  3:44  Probe  
  24  3:55  Twilight Council  
  24  3:57  Probe  
  24  4:02  Pylon  
  25  4:09  Probe  
  26  4:15  Pylon  
  26  4:20  Gateway  
  26  4:27  Probe, Stargate  
  27  4:35  Probe  
  27  4:44  Probe  
  29  4:56  Probe  
  30  5:01  Probe  
  30  5:04  Dark Shrine  
  30  5:05  Probe  
  31  5:09  Probe  
  31  5:13  Probe  
  33  5:18  Probe  
  34  5:22  Probe  
  36  5:31  Probe, Fleet Beacon  
  36  5:34  Probe  
  38  5:44  Probe  
  38  5:48  Assimilator  
  39  5:52  Probe  
  40  6:00  Probe  
  40  6:02  Nexus  
  40  6:08  Pylon  
  41  6:13  Probe  
  41  6:14  Protoss Ground Weapons Level 1  
  41  6:16  Pylon  
  41  6:18  Carrier  
  42  6:21  Pylon  
  42  6:25  Probe  
  49  6:43  Photon Cannon  
  49  6:45  Photon Cannon  
  49  6:47  Photon Cannon  
  49  6:49  Photon Cannon  
  49  6:54  Dark Templar  
  49  6:56  Dark Templar  
  49  7:00  Dark Templar  
  55  7:08  Graviton Catapult  
  55  7:17  Photon Cannon  
  55  7:20  Photon Cannon  
  55  7:26  Photon Cannon  
  55  7:32  Pylon, Probe  
  55  7:34  Assimilator  
  56  7:39  Assimilator  
  56  7:40  Probe  
  56  7:50  Probe  
  58  7:58  Protoss Ground Armor Level 1  
  58  8:02  Probe, Photon Cannon  
  58  8:03  Photon Cannon  
  58  8:05  Photon Cannon  
  59  8:07  Photon Cannon  
  59  8:14  Probe  
  59  8:17  Dark Templar  
  59  8:18  Dark Templar x2  
  59  8:19  Dark Templar  
  68  8:26  Probe  
  69  8:35  Protoss Air Weapons Level 1  
  69  8:38  Probe  
  70  8:48  Stargate  
  70  8:50  Probe, Stargate  
  70  8:51  Pylon  
  70  8:53  Pylon  
  71  9:01  Pylon, Charge  
  71  9:03  Pylon  
  71  9:11  Gateway  
  71  9:13  Gateway  
  71  9:14  Gateway  
  71  9:15  Pylon  
  71  9:19  Pylon  
  71  9:39  Carrier  
  71  9:41  Carrier x2  
  89  10:16  Gateway  
  89  10:17  Gateway  
  89  10:20  Stargate  
  89  10:29  Protoss Air Armor Level 1  
  89  10:32  Pylon  
  89  10:33  Pylon  
  89  10:36  Pylon  
  89  10:39  Pylon  
  89  10:41  Pylon  
  89  10:46  Pylon  
  89  10:55  Dark Templar x2  
  89  10:56  Dark Templar x2  
  89  10:57  Dark Templar x2  
  99  10:59  Dark Templar  
  103  11:17  Carrier  
  97  11:20  Carrier  
  95  11:33  Carrier  
  101  11:59  Zealot  
  101  12:00  Zealot x3  
  101  12:01  Zealot  
  111  12:24  Stalker  
  111  12:25  Stalker  
  111  12:28  Stalker  
  117  12:31  Stalker  
  117  12:32  Stalker x2  
  121  12:50  Stalker  
  121  12:51  Stalker  
  121  12:52  Stalker  
  121  12:53  Stalker x2  
  119  13:31  Dark Templar x3  
  119  13:32  Dark Templar x3  
  119  13:33  Dark Templar  
  133  13:35  Dark Templar  
  111  14:00  Carrier x2  
  111  14:05  Carrier  
  87  15:31  Stalker x2  
  87  15:32  Stalker x2  
  87  15:33  Stalker  
  87  15:34  Stalker x2  
  87  15:35  Stalker  
  85  15:59  Dark Templar x3  
  85  16:00  Dark Templar  
  85  16:01  Dark Templar  
  85  16:02  Stalker  
  85  16:03  Zealot x2  
  61  16:42  Dark Templar  
  61  16:43  Dark Templar x2  
  61  16:44  Dark Templar x3  
  63  17:08  Dark Templar  
  63  17:09  Dark Templar x2  
  69  17:17  Zealot  
  69  17:18  Zealot  
  67  18:02  Carrier  
  67  18:03  Carrier x2  
  67  18:04  Carrier  
  75  18:30  Dark Templar  
  75  18:31  Dark Templar  
  79  18:53  Zealot x3  
  79  18:54  Zealot x2  
  89  18:57  Zealot  
  75  19:54  Photon Cannon  
  75  19:56  Photon Cannon  
  75  20:07  Dark Templar x2  
  75  20:08  Dark Templar  
  75  20:09  Dark Templar  
  75  20:10  Zealot x2  
  75  20:11  Zealot x3  
Show
View Real Time Build Order
Export as new Build Order

Belcross Protoss 

Build Orders: 1 Gate Expand, Oracle Opening 

Get SALT Encoding   

  12  0:02  Probe  
  13  0:10  Probe  
  14  0:19  Probe  
  14  0:24  Pylon  
  15  0:44  Gateway  
  15  0:47  Assimilator  
  16  0:50  Probe  
  16  0:59  Probe  
  17  1:07  Probe  
  18  1:16  Probe  
  19  1:44  Cybernetics Core, Nexus  
  19  1:51  Probe  
  20  1:54  Pylon  
  20  2:11  Assimilator  
  20  2:16  Probe, Pylon  
  21  2:24  Probe, Stalker  
  24  2:33  Probe  
  25  2:48  Probe  
  26  2:54  Stalker  
  26  2:55  Stargate  
  28  3:00  Probe  
  29  3:12  Probe  
  30  3:29  Pylon  
  30  3:30  Gateway  
  30  3:33  Gateway  
  30  3:35  Gateway  
  30  3:37  Probe, Warp Gate  
  31  3:41  Oracle  
  31  3:45  Probe  
  31  3:55  Probe  
  36  4:07  Probe  
  37  4:17  Oracle  
  37  4:18  Probe  
  41  4:26  Probe  
  42  4:34  Probe  
  42  4:37  Pylon  
  43  4:42  Assimilator  
  43  4:45  Probe, Oracle  
  43  4:46  Assimilator  
  44  4:53  Probe  
  44  4:56  Probe  
  49  5:04  Probe  
  49  5:12  Probe  
  51  5:24  Probe  
  52  5:36  Probe  
  53  5:55  Probe  
  53  6:03  Probe  
  54  6:10  Pylon  
  55  6:13  Probe, Pylon  
  56  6:20  Forge  
  56  6:24  Gateway  
  56  6:25  Probe, Gateway  
  57  6:27  Gateway  
  57  6:31  Gateway  
  57  6:33  Gateway  
  57  6:35  Gateway  
  57  6:37  Probe, Pylon, Stalker  
  57  6:38  Stalker x2  
  57  6:39  Stalker  
  66  6:40  Pylon  
  66  6:43  Pylon  
  51  8:26  Protoss Ground Weapons Level 1  
  51  8:27  Stalker x2  
  51  8:28  Stalker x4  
  51  8:29  Stalker x3  
  51  8:30  Stalker  
  71  8:42  Probe  
  72  8:50  Probe  
  73  9:00  Probe  
  73  9:08  Stalker x3  
  73  9:09  Stalker x3  
  86  9:10  Stalker x2  
  86  9:11  Stalker x2  
  86  9:12  Probe  
  86  9:15  Nexus  
  93  9:24  Probe  
  93  9:27  Pylon  
  93  9:29  Pylon  
  94  9:43  Pylon  
  94  9:45  Pylon, Stalker x3  
  98  9:46  Stalker x2  
  98  9:47  Stalker x2  
  98  9:48  Pylon, Stalker x3  
  98  9:51  Pylon  
  114  9:54  Pylon  
  114  9:56  Pylon  
  114  10:00  Twilight Council  
  114  10:11  Pylon  
  114  10:14  Pylon  
  114  10:17  Pylon  
  114  10:21  Protoss Ground Armor Level 1  
  114  10:23  Stalker  
  114  10:24  Stalker x2  
  114  10:25  Stalker  
  114  10:26  Stalker x2  
  126  10:29  Stalker x2  
  126  10:30  Stalker  
  126  10:31  Stalker  
  70  11:33  Stalker  
  70  11:34  Stalker x2  
  70  11:35  Stalker x2  
  70  11:36  Stalker x2  
  70  11:37  Stalker  
  70  11:38  Zealot x2  
  70  11:41  Charge  
  70  11:46  Probe  
  71  11:52  Assimilator  
  71  11:56  Assimilator  
  71  11:58  Probe  
  72  12:07  Probe  
  72  12:15  Probe, Protoss Shields Level 1  
  73  12:19  Photon Cannon  
  73  12:22  Photon Cannon  
  74  12:24  Probe  
  74  12:25  Photon Cannon  
  74  12:29  Photon Cannon  
  69  12:36  Probe, Stalker  
  69  12:37  Stalker x4  
  64  12:38  Stalker x2  
  70  12:49  Probe  
  71  12:51  Stalker  
  71  12:52  Stalker  
  75  13:44  Pylon  
  75  13:47  Probe  
  76  13:55  Probe  
  77  14:04  Probe  
  78  14:12  Probe  
  78  14:13  Blink  
  78  14:16  Stalker  
  78  14:17  Stalker x3  
  85  14:18  Stalker x2  
  85  14:19  Stalker x2  
  85  14:20  Stalker  
  85  14:21  Probe, Stalker  
  100  14:33  Probe  
  101  14:45  Probe  
  102  14:51  Stalker  
  102  14:52  Stalker x2  
  108  14:53  Stalker x2  
  112  15:04  Nexus  
  112  15:30  Pylon  
  112  15:32  Pylon  
  112  15:47  Stalker x3  
  112  15:48  Stalker  
  120  16:10  Photon Cannon  
  120  16:13  Photon Cannon  
  120  16:15  Photon Cannon  
  120  16:17  Photon Cannon  
  120  16:20  Photon Cannon  
  95  16:37  Stalker x2  
  95  16:38  Stalker x2  
  95  16:39  Stalker x2  
  97  16:40  Stalker x2  
  75  17:45  Dark Shrine  
  75  17:52  Nexus  
  75  17:56  Pylon  
  75  17:59  Pylon  
  75  18:01  Stalker  
  75  18:02  Stalker x3  
  75  18:03  Stalker, Zealot  
  75  18:04  Zealot x2  
  75  18:05  Zealot x2  
  95  18:27  Zealot  
  95  18:28  Zealot x3  
  95  18:29  Zealot x2  
  95  18:30  Stalker x2  
  95  18:31  Stalker x2  
  115  18:46  Photon Cannon  
  115  18:48  Photon Cannon  
  115  18:50  Photon Cannon  
  115  18:52  Photon Cannon  
  115  19:04  Probe  
  116  19:12  Probe  
  117  19:22  Probe  
  92  19:34  Probe  
  59  19:46  Probe  
  59  19:49  Dark Templar  
  59  19:50  Dark Templar x3  
  59  19:51  Dark Templar x2  
  72  19:53  Stalker  
  72  19:54  Stalker x2  
  72  19:55  Stalker  
  78  20:17  Dark Templar x2  
  78  20:18  Dark Templar  
  78  20:19  Dark Templar  
Tags
 
Add a new tag
Caveats
  • Supply blocks, unpowered buildings, or Contaminate may cause inaccurate times.
  • Supply counts are checked every 10 seconds.